 Dungeon Crawl Stone Soup version 0.20-a0 (webtiles) character file.

53 spe3d0 the Covered (level 3, -1/31 HPs)
             Began as a Minotaur Fighter on Oct 27, 2016.
             Slain by an adder (3 damage)
             ... on level 2 of the Dungeon.
             The game lasted 00:02:38 (1079 turns).

spe3d0 the Covered (Minotaur Fighter)               Turns: 1079, Time: 00:02:39

Health: -1/31      AC:  7    Str: 20    XL:     3   Next: 62%
Magic:  2/2        EV:  7    Int:  5    God:
Gold:   65         SH:  9    Dex: 10    Spells: 0 memorised, 2 levels left

rFire  . . .     SeeInvis .     a - +0 flail
rCold  . . .     Gourm    .     b - +0 scale mail
rNeg   . . .     Faith    .     c - +0 shield
rPois  .         Spirit   .     (helmet restricted)
rElec  .         Reflect  .     (no cloak)
rCorr  .         Harm     .     (no gloves)
MR     .....                    (no boots)
Stlth  ..........               (no amulet)
                                (no ring)
                                (no ring)

@: lethally poisoned (-1 -> -3)
A: retaliatory headbutt, horns 2
a: no special abilities


You were on level 2 of the Dungeon.
You were not hungry.

You visited 1 branch of the dungeon, and saw 2 of its levels.

You collected 65 gold pieces.


Innate Abilities, Weirdness & Mutations

You reflexively headbutt those who attack you in melee.
You have a pair of horns on your head.


   Skills:
 - Level 3.6 Fighting
 * Level 3.1 Maces & Flails
 * Level 4.6 Armour
 * Level 4.4 Shields


You had 2 spell levels left.
You didn't know any spells.

Inventory:

Hand Weapons
 a - a +0 flail (weapon)
Armour
 b - a +0 scale mail (worn)
 c - a +0 shield (worn)
Scrolls
 e - a scroll of teleportation {unknown}
 i - a scroll of enchant weapon {unknown}
 j - a scroll of remove curse {unknown}
 l - a scroll of recharging {unknown}
 q - 2 scrolls of identify {unknown}
Potions
 d - a potion of might
 h - a potion of lignification {unknown}
 m - a potion of degeneration {unknown}
 n - a potion of brilliance {unknown}
 o - a potion of cancellation {unknown}
 p - a potion of curing {unknown}
 r - a potion of resistance {unknown}
Comestibles
 f - a bread ration {@e1}
 g - 3 chunks of flesh
 k - a meat ration {@e1}

Dungeon Overview and Level Annotations

Branches:
Dungeon (2/15)

Altars:
Cheibriados
Trog

#.# #..(## #.# ###.#
#.# ### #.#
#.###.#####.######
#.......#........#
####.............#
########..#.#.##.#.###
#.$....)..#.#.##.#.####
#.##.w@l.......#.......
#.##S..#.##.#....... ..
.......# #.#..... #.#
##........#.#.###. #
#........#.#.# #.
.........( ..# #.
##.......#.### #.
...... #.#####.
.#...(..


You could see an adder, a dart slug and a frilled lizard.


Message History

The rat bites you but does no damage. The quokka barely misses you.
The adder bites you but does no damage.
You feel sick. The rat barely misses you. You furiously retaliate!
You headbutt the rat.
You kill the rat!
The quokka bites you.
* * * LOW HITPOINT WARNING * * *
The adder barely misses you. You furiously retaliate!
You headbutt the adder, but do no damage.
You block the dart slug's attack. You block the adder's attack.
You block the quokka's attack.
The dart slug bites you but does no damage.
You block the adder's attack.
The quokka bites you but does no damage.
You block the frilled lizard's attack. The adder bites you but does no damage.
The quokka barely misses you. You furiously retaliate!
You headbutt the quokka!
You kill the quokka!
The frilled lizard bites you but does no damage.
The dart slug bites you but does no damage.
You block the adder's attack.
You feel sick. You block the frilled lizard's attack. The adder bites you.
* * * LOW HITPOINT WARNING * * *
The dart slug closely misses you. You block the adder's attack.
The frilled lizard bites you.
* * * LOW HITPOINT WARNING * * *
The adder barely misses you.
The frilled lizard bites you but does no damage.
The dart slug bites you but does no damage.
The adder bites you.
You die...

Skill      XL: |  1  2  3 |
---------------+----------+-----
Armour         | 4 |  4.6
Shields        | 4 |  4.4
Maces & Flails | 3 |  3.1
Fighting       | |  3.6

Action                   || total
-------------------------++-------
Melee: Flail             ||    89
       Headbutt          ||     9
  Eat: Chunk             ||     1
Armor: Scale mail        ||    63
Dodge: Dodged            ||    43
Block: Shield            ||    55

Vault maps used:
D:1:      dpeg_arrival_more_subterranean_lakeside_camping,
          grunt_decor_one_mirror
D:2:      cheibriados_altar_1, nicolae_overflow_crystal_walls

Notes
Turn   | Place    | Note
-------+----------+-------------------------------------------
     0 | D:1      | spe3d0 the Minotaur Fighter began the quest for the Orb.
     0 | D:1      | Reached XP level 1. HP: 19/19 MP: 0/0
    81 | D:1      | Reached skill level 4 in Armour
    99 | D:1      | Reached XP level 2. HP: 19/26 MP: 1/1
   293 | D:1      | Reached skill level 4 in Shields
   721 | D:2      | Reached XP level 3. HP: 12/31 MP: 2/2
   942 | D:2      | Found a snail-covered altar of Cheibriados.
  1020 | D:2      | Found a bloodstained altar of Trog.
  1071 | D:2      | Reached skill level 3 in Maces & Flails
  1078 | D:2      | HP: 2/31 [frilled lizard (2)]
  1079 | D:2      | Slain by an adder

Vanquished Creatures
  An adder (D:2)
  3 worms (D:2)
  A dart slug (D:2)
  2 leopard geckos (D:1)
  A giant cockroach (D:1)
  A goblin (D:1)
  2 hobgoblins
  3 jackals (D:1)
  2 quokkas (D:2)
  7 bats
  2 frilled lizards (D:1)
  3 kobolds
  3 rats
31 creatures vanquished.
